 Dungeon Crawl Stone Soup version 0.23-b1-13-gf37ab262a9 (webtiles) character file.

Game seed: 5411257032900650598

128 Oravi the Chopper (level 5, -2/45 HPs)
             Began as a Naga Warper on Feb 2, 2019.
             Slain by an orc
             ... wielding a +0 flail
              (6 damage)
             ... on level 3 of the Dungeon.
             The game lasted 00:07:56 (1889 turns).

Oravi the Chopper (Naga Warper)                     Turns: 1889, Time: 00:07:56

Health: -2/45      AC:  3    Str: 14    XL:     5   Next: 11%
Magic:  2/8        EV:  9    Int: 14    God:
Gold:   54         SH:  0    Dex: 10    Spells: 4/8 levels left

rFire    . . .     SeeInvis +   a - +1 hand axe
rCold    . . .     Gourm    .   (no shield)
rNeg     . . .     Faith    .   r - +0 leather armour
rPois    +         Spirit   .   (no helmet)
rElec    .         Reflect  .   (no cloak)
rCorr    .         Harm     .   (no gloves)
MR       .....                  (no barding)
Stlth    +.........             (no amulet)
HPRegen  0.15/turn              (no ring)
MPRegen  0.11/turn              (no ring)

@: very slightly contaminated, very slow
A: large, see invisible, deformed body, poison resistance, slowness 2, slow
metabolism 1, spit poison 1, AC +1
a: Spit Poison


You were on level 3 of the Dungeon.
You were not hungry.

You visited 1 branch of the dungeon, and saw 3 of its levels.

You collected 54 gold pieces.

Inventory:

Hand Weapons
 a - a +1 hand axe (weapon)
 b - a +0 hunting sling
Missiles
 e - 5 tomahawks of dispersal (quivered)
 i - 57 arrows
 o - 83 stones
Armour
 q - a +0 scale mail
 r - a +0 leather armour (worn)
Scrolls
 c - a scroll of magic mapping
 d - a scroll of blinking
 h - 2 scrolls of noise {unknown}
 j - a scroll of enchant weapon
 l - 3 scrolls of remove curse {@r2}
 n - a scroll of teleportation {unknown}
 p - 2 scrolls of enchant armour {unknown}
 u - a scroll of amnesia {unknown}
Potions
 m - a potion of mutation
 t - a potion of degeneration {unknown}
Comestibles
 f - 11 rations
 s - 3 chunks of flesh


   Skills:
 - Level 2.0 Fighting
 + Level 5.1 Axes
 - Level 0.8 Throwing
 - Level 0.7 Armour
 - Level 1.5 Dodging
 - Level 2.0 Spellcasting
 - Level 3.0 Translocations


You had 4 spell levels left.
You knew the following spells:

 Your Spells              Type           Power        Failure   Level  Hunger
a - Blink                 Tloc           N/A          13%         2    ###....
b - Shroud of Golubria    Chrm/Tloc      #.........   24%         2    ###....

Your spell library contained the following spells:

 Spells                   Type           Power        Failure   Level  Hunger
 Gell's Gravitas          Tloc           #.........   26%         3    ####...
 Lesser Beckoning         Tloc           #.........   26%         3    ####...
 Teleport Other           Tloc           #.......     26%         3    ####...
 Passage of Golubria      Tloc           N/A          65%         4    #####..


Dungeon Overview and Level Annotations

Branches:
Dungeon (3/15)

Altars:
Fedhas
Wu Jian


Innate Abilities, Weirdness & Mutations

You cannot wear boots.
Your serpentine skin is tough. (AC +1)
You have supernaturally acute eyesight. (SInv)
Armour fits poorly on your strangely shaped body.
Your system is resistant to poisons. (rPois)
You cover ground very slowly.
You have a slow metabolism.
You can spit poison.


Message History

Your leather armour prevents you from hitting the orc.
The orc is heavily wounded.
You hit the orc but do no damage. You barely miss the orc.
You have got your breath back.
The orc hits you with a +0 flail.
* * * LOW HITPOINT WARNING * * *
The orc barely misses you. The orc hits you with a +0 flail.
* * * LOW HITPOINT WARNING * * *
You closely miss the orc.
The orc is heavily wounded.
You barely miss the orc. You hit the orc but do no damage.
The orc closely misses you. The orc barely misses you.
The orc hits you with a +0 flail!
* * * LOW HITPOINT WARNING * * *
Casting: Blink (safe; 13% risk of failure)
You blink.
Things that are here:
a +0 dagger; a rat skeleton; an adder skeleton The orc hits you with a +0 flail.
You die...

#>. #.# #.#
#.# #.# .(.
#.#.# ## #(#
#.#.# .. .o(
#<#.# #.##.#
#@#.# #.##(#
#o#.###.##(#
#.#.#......#
#o#.#.....)#
#.o..o.....#
###.......##
##......#
#.##.###
#.##.#


You could see 3 orcs.

Vanquished Creatures
  An orc priest (D:3)
  3 adders
  3 oozes
  2 worms (D:2)
  2 dart slugs (D:1)
  An orc (D:3)
  A giant cockroach (D:1)
  7 goblins
  3 hobgoblins
  10 kobolds
  A quokka (D:2)
  2 ball pythons (D:2)
  3 bats
  3 frilled lizards
  9 rats
51 creatures vanquished.

Notes
Turn   | Place    | Note
-------+----------+-------------------------------------------
     0 | D:1      | Oravi the Naga Warper began the quest for the Orb.
     0 | D:1      | Reached XP level 1. HP: 19/19 MP: 3/3
   112 | D:1      | Reached XP level 2. HP: 17/26 MP: 5/5
   116 | D:1      | Learned a level 2 spell: Blink
   119 | D:1      | Learned a level 2 spell: Shroud of Golubria
   260 | D:1      | Reached skill level 3 in Axes
   352 | D:1      | Reached XP level 3. HP: 26/32 MP: 6/6
  1098 | D:2      | Found a blossoming altar of Fedhas.
  1281 | D:2      | Reached skill level 4 in Axes
  1475 | D:2      | Reached XP level 4. HP: 39/39 MP: 7/7
  1582 | D:2      | Found an ornate altar of the Wu Jian Council.
  1879 | D:3      | Reached skill level 5 in Axes
  1879 | D:3      | Reached XP level 5. HP: 11/45 MP: 3/8
  1882 | D:3      | HP: 2/45 [orc/+0 flail (7)]
  1889 | D:3      | Slain by an orc

Skill      XL: |  1  2  3  4 |
---------------+-------------+-----
Axes           | 3 4 5 |  5.1
Fighting       | |  2.0
Throwing       | |  0.8
Armour         | |  0.7
Dodging        | |  1.5
Spellcasting   | |  2.0
Translocations | |  3.0

Action                   |  1- 3 |  4- 6 || total
-------------------------+-------+-------++-------
Melee: Hand axe          |    79 |    23 ||   102
 Fire: Hunting sling     |    29 |    32 ||    61
 Cast: Shroud of Golubri |     1 |       ||     1
       Blink             |       |     3 ||     3
 Abil: Spit Poison       |     9 |     3 ||    12
  Use: Scroll            |       |     6 ||     6
       Potion            |       |     1 ||     1
  Eat: Chunk             |     2 |     1 ||     3
Armor: Leather armour    |    14 |     2 ||    16
Dodge: Dodged            |    43 |    25 ||    68
